 Dungeon Crawl Stone Soup version 0.29.1-15-g9cfb28693d (webtiles) character file.

Game seed: 11432122436378367851

3035 LLlMATKO the Fighter (level 9, -8/114 (121) HPs)
             Began as a Minotaur Berserker on Apr 17, 2023.
             Was a Priest of Trog.
             Killed from afar by an acid dragon (10 damage)
             ... with a splash of acid
             ... on level 8 of the Dungeon.
             The game lasted 00:07:53 (7652 turns).

LLlMATKO the Fighter (Minotaur Berserker)           Turns: 7652, Time: 00:07:53

HP:   -8/114 (121)  AC:  6    Str: 24    XL:     9   Next: 56%
MP:   8/8           EV: 11    Int:  4    God:    Trog [***...]
Gold: 413           SH:  0    Dex: 12    Spells: 8/8 levels left

rFire   . . .      SeeInvis .   a - +0 hand axe
rCold   . . .      Faith    .   (no shield)
rNeg    . . .      Spirit   .   d - +0 chain mail
rPois   .          Reflect  .   B - +1 hat
rElec   .          Harm     .   i - +0 cloak
rCorr   .          Rampage  .   f - +0 pair of gloves
Will    .....                   (no boots)
Stlth   ..........              (no amulet)
HPRegen 0.29/turn               (no ring)
MPRegen 0.11/turn               (no ring)

@: berserking (expiring), corroded, drained, very quick
A: horns 2, retaliatory headbutt
a: Renounce Religion, Berserk, Trog's Hand


You were on level 8 of the Dungeon.
You worshipped Trog.
Trog was most pleased with you.
You visited 1 branch of the dungeon, and saw 8 of its levels.
You also visited: Ossuary.

You collected 413 gold pieces.

Inventory:

Hand Weapons
 a - a +0 hand axe (weapon)
 e - a +0 sling
 y - a +0 vorpal spear
Missiles
 b - 41 stones (quivered)
 o - 2 throwing nets
 v - 5 poisoned darts
Armour
 d - a +0 chain mail (worn)
 f - a +0 pair of gloves (worn)
 i - a +0 cloak (worn)
 B - a +1 hat (worn)
Scrolls
 h - a scroll of teleportation
 k - 3 scrolls of identify
 m - 2 scrolls of torment
 s - 2 scrolls of enchant armour {unknown}
 t - 2 scrolls of noise
 w - a scroll of blinking {unknown}
 A - a scroll of acquirement {unknown}
Potions
 c - 4 potions of heal wounds {unknown}
 g - 3 potions of flight {unknown}
 j - a potion of magic {unknown}
 l - 3 potions of lignification {unknown}
 n - 3 potions of mutation {unknown}
 p - 6 potions of curing
 q - 2 potions of brilliance {unknown}
 r - a potion of haste {unknown}
 u - a potion of degeneration {unknown}
 x - a potion of ambrosia {unknown}
 z - a potion of invisibility {unknown}


   Skills:
 + Level 8.1 Fighting
 + Level 8.1 Axes
 + Level 6.2 Ranged Weapons
 + Level 7.5 Armour
 + Level 6.9 Dodging


You had 8 spell levels left.
You didn't know any spells.
Your spell library was empty.

Dungeon Overview and Level Annotations

Branches:
Dungeon (8/15)             Temple (0/1) D:4         Ossuary (visited)
   Lair: D:8-11

Altars:
Elyvilon
Nemelex Xobeh
Ru
Zin

Shops:
D:4 =   D:5 [(??


Innate Abilities, Weirdness & Mutations

You have a pair of horns on your head.
You reflexively headbutt those who attack you in melee.


Message History

The splash of acid hits you!! The acid corrodes you!
You see here 17 gold pieces.
The acid dragon bites you! The acid dragon closely misses you.
You closely miss the acid dragon. The acid dragon misses you.
The acid dragon claws you but does no damage.
You closely miss the acid dragon. The acid dragon bites you.
The acid dragon claws you but does no damage.
You hit the acid dragon but do no damage.
The acid dragon bites you! The acid dragon barely misses you.
You slash the acid dragon!
The acid dragon is moderately wounded.
The acid dragon bites you! The acid dragon claws you.
You barely miss the acid dragon.
The acid dragon is moderately wounded.
The acid dragon spits acid at you. The splash of acid hits you!!
* * * LOW HITPOINT WARNING * * *
The acid corrodes you!
A red film seems to cover your vision as you go berserk!
You feel yourself moving faster!
You feel mighty! The acid dragon misses you. x2
You barely miss the acid dragon.
The acid dragon is moderately wounded.
You hit the acid dragon but do no damage.
The acid dragon is moderately wounded.
The acid dragon bites you.
* * * LOW HITPOINT WARNING * * *
The acid dragon closely misses you.
You slash the acid dragon!
The acid dragon is severely wounded.
You hit the acid dragon but do no damage.
Your headbutt misses the acid dragon.
The acid dragon is severely wounded.
The acid dragon bites you!
* * * LOW HITPOINT WARNING * * *
The acid dragon barely misses you.
You hit the acid dragon.
The acid dragon is severely wounded.
The acid dragon spits acid at you. The splash of acid hits you!
You die...

#######
##.....## .
##.......####..
#....>......$..
#.♣.....♣....#
##.....D@.$#
#....♣.♣$..# #
#..........##.#
#..♣.....♣......
#.....<....##.##
#.#.......#....#
##.....####..#
####### .


You could see an acid dragon (catching breath).

Vanquished Creatures
  Grinder (D:3)
  A wyvern (D:7)
  2 vampire mosquitoes (D:6)
  2 water moccasins (D:7)
  2 ice beasts
  3 sky beasts
  2 ogres
  4 centaurs
  A kobold brigand (D:6)
  4 necrophages
  3 bullfrogs
  3 scorpions
  3 killer bees (D:7)
  A howler monkey (D:5)
  A centaur zombie (Ossuary)
  A jelly (D:5)
  A human zombie (Ossuary)
  A gnoll bouda (D:4)
  An iguana (D:5)
  3 orc wizards
  2 mummies (Ossuary)
  4 gnolls (D:4)
  3 adders
  2 white imps
  An ufetubus (D:5)
  3 worms
  10 orcs
  3 ball pythons
  5 endoplasms
  2 giant cockroaches
  7 goblins
  4 hobgoblins
  4 jackals (D:4)
  7 kobolds
  3 quokkas
  2 bats
  4 frilled lizards
  6 goblin zombies
  10 hobgoblin zombies (Ossuary)
  A jackal zombie (Ossuary)
  9 kobold zombies (Ossuary)
  7 orc zombies (Ossuary)
  3 rats
  4 rat zombies (Ossuary)
146 creatures vanquished.

Notes
Turn   | Place    | Note
-------+----------+-------------------------------------------
     0 | D:1      | LLlMATKO the Minotaur Berserker began the quest for the
                  | Orb.
     0 | D:1      | Reached XP level 1. HP: 19/19 MP: 0/0
   661 | D:1      | Reached XP level 2. HP: 27/27 MP: 1/1
  1170 | D:2      | You fall into a shaft and drop 1 floor!
  1199 | D:3      | Reached XP level 3. HP: 30/33 MP: 2/2
  1811 | D:3      | Found a faded altar of an unknown god.
  1812 | D:3      | Noticed Grinder
  1829 | D:3      | Killed Grinder
  1830 | D:3      | Reached XP level 4. HP: 37/41 MP: 3/3
  1830 | D:3      | Reached XP level 5. HP: 42/47 MP: 4/4
  2680 | D:4      | Reached XP level 6. HP: 55/55 MP: 5/5
  2683 | D:4      | Reached skill level 5 in Axes
  2688 | D:4      | Reached skill level 5 in Fighting
  2953 | D:4      | Reached XP level 7. HP: 57/61 MP: 6/6
  3029 | D:4      | Found a staircase to the Ecumenical Temple.
  3061 | D:4      | Found Dicayph's Jewellery Boutique.
  3241 | D:4      | Found a glowing silver altar of Zin.
  3241 | D:4      | Noticed an angel
  3308 | D:5      | Entered Level 5 of the Dungeon
  3318 | D:5      | Reached ** piety under Trog
  3464 | D:5      | Found Riemnar's Armour Emporium.
  3628 | D:5      | Found Meili's Antique Weapon Shop.
  3672 | D:5      | Found Ydulisas's Magic Scroll Shop.
  3677 | D:5      | Identified the +1 robe "Fipnes" {rElec rPois Regen+ Dex-5}
  3684 | D:5      | Reached skill level 5 in Armour
  3754 | D:5      | Found Uhaerghuosi's Magic Scroll Shoppe.
  4221 | D:6      | Reached skill level 5 in Dodging
  4221 | D:6      | Reached XP level 8. HP: 31/70 MP: 7/7
  4688 | D:6      | Found a sand-covered staircase.
  4695 | Ossuary  | Entered an ossuary
  4877 | Ossuary  | Reached *** piety under Trog
  5132 | D:6      | Found a sacrificial altar of Ru.
  5535 | D:6      | Reached skill level 5 in Ranged Weapons
  6002 | D:7      | Found a white marble altar of Elyvilon.
  6111 | D:7      | Reached XP level 9. HP: 71/79 MP: 8/8
  6958 | D:7      | Found a sparkling altar of Nemelex Xobeh.
  7651 | D:8      | HP: 2/114 [acid dragon (9)]
  7652 | D:8      | Killed from afar by an acid dragon

Illustrated notes

Levels and vault maps discovered:
D:1:      lemuel_arrival_lava_pool, layout_loops_ring, kennysheep_minor_cross,
          st_stairs_10
D:2:      layout_basic, serial_glass, glass_columns_b, glass_columns_a,
          glass_columns_a, glass_columns_a
D:3:      layout_basic, shapermc_ecumenical_altar_starsandcircs, uniq_grinder
D:4:      layout_rooms, zin_angel, minmay_temple_entry_butterflies,
          serial_shops, shop_fountains
D:5:      layout_rooms, serial_shops, shop, nicolae_shop_statue_plus,
          nicolae_stop_n_shop_1, nicolae_shop_hallway_plus
D:6:      layout_basic, nicolae_ru_awakened_eye, enter_ossuary_4
D:7:      layout_basic, nemelex_dance_club_becter, lemuel_crystal_altar
D:8:      layout_loops_ring, kennysheep_slug_shrine,
          nicolae_wu_jian_wuxing_cycle, fedhas_altar_1,
          mainiacjoe_overflow_surrounded_room, enter_bailey_5,
          grunt_ministairs_10

Skill      XL: |  1  2  3  4  5  6  7  8  9 |
---------------+----------------------------+-----
Fighting       | 4 5 6 7 8 |  8.1
Axes           | 4 5 6 7 8 |  8.1
Ranged Weapons | 2 3 4 5 6 |  6.2
Armour         | 3 4 5 6 7 |  7.5
Dodging        | 3 4 5 6 |  6.9

Action                   |  1- 3 |  4- 6 |  7- 9 || total
-------------------------+-------+-------+-------++-------
Melee: Hand axe          |    65 |    77 |   290 ||   432
       Headbutt          |    10 |    10 |    59 ||    79
       Punch             |       |       |     4 ||     4
Invok: Berserk           |     1 |     1 |     5 ||     7
  Use: Scroll            |       |       |     8 ||     8
Armor: Chain mail        |    25 |    41 |   175 ||   241
       Animal skin       |     1 |       |       ||     1
Dodge: Dodged            |    25 |    47 |   178 ||   250
